 Dungeon Crawl Stone Soup version 0.31-a0-237-g2d982f9f85 (webtiles) character file.

Game seed: 1454864269669706905

77 qw the Shooter (level 4, 0/27 HPs)
             Began as a Gargoyle Hexslinger on July 11, 2023.
             Slain by a cerulean imp
             ... wielding a +2 spear
             ... summoned by Natasha
              (1 damage)
             ... on level 2 of the Dungeon.
             The game lasted 00:00:30 (1222 turns).

qw the Shooter (Gargoyle Hexslinger)                Turns: 1222, Time: 00:00:30

Health: 0/27       AC:  8    Str: 11    XL:     4   Next: 34%
Magic:  5/5        EV: 10    Int: 14    God:
Gold:   99         SH:  0    Dex: 14    Spells: 4/5 levels left

rFire   . . .        Y - +1 sling
rCold   . . .        (no shield)
rNeg    + . .        i - +0 ring mail
rPois   inf          (no helmet)
rElec   +            (no cloak)
rCorr   .            (no gloves)
SInv    .            (no boots)
Will    .....        (no amulet)
Stlth   +            (no ring)
HPRegen 0.24/turn    (no ring)
MPRegen 0.09/turn

%: no passive effects
@: slowed, very slow
A: sickness immunity, AC +3, negative energy resistance 1, electricity
resistance, torment resistance 1, petrification resistance
a: no special abilities


You were on level 2 of the Dungeon.
You visited 1 branch of the dungeon, and saw 2 of its levels.

You collected 99 gold pieces.


Innate Abilities, Weirdness & Mutations

You are immune to sickness and miasma.
Your stone body is resilient. (AC +3)
You are immune to poison.
You resist negative energy. (rN+)
You are resistant to electric shocks. (rElec)
You are resistant to unholy torment.
You are immune to petrification.


   Skills:
 - Level 2.7 Fighting
 + Level 3.7 Ranged Weapons
 - Level 1.5 Dodging
 - Level 1.0 Spellcasting
 - Level 2.6 Hexes


You had 4 spell levels left.
You knew the following spells:

 Your Spells              Type           Power      Damage    Failure   Level
a - Slow                  Hex            32%        N/A       22%         1

Your spell library contained the following spells:

 Spells                   Type           Power      Damage    Failure   Level
 Inner Flame              Hex/Fire       4%         N/A       73%         3
 Portal Projectile        Hex/Tloc       8%         N/A       73%         3
 Cause Fear               Hex            4%         N/A       91%         4

Inventory:

Hand Weapons
 Y - a +1 sling (weapon)
Armour
 i - a +0 ring mail (worn)
Scrolls
 b - a scroll of butterflies {unknown}
Potions
 a - a potion of haste {unknown}
 f - a potion of lignification {unknown}
 h - a potion of magic {unknown}

Dungeon Overview and Level Annotations

Branches:
Dungeon (2/15)

Altars:

Annotations:
D:2 Natasha


Message History

You shoot a sling bullet. The sling bullet hits Natasha.
Natasha is moderately wounded.
Natasha casts a spell.
Natasha barely misses you.
You shoot a sling bullet. The sling bullet hits Natasha.
Natasha is moderately wounded.
Natasha claws you!
The cerulean imp hits you but does no damage.
Natasha closely misses you.
You shoot a sling bullet. The sling bullet hits Natasha.
Natasha is heavily wounded.
The cerulean imp barely misses you. Natasha claws you.
The cerulean imp hits you from afar with a +2 spear.
Natasha claws you. The cerulean imp barely misses you.
You shoot a sling bullet. The sling bullet barely misses Natasha.
Natasha claws you but does no damage.
The cerulean imp hits you but does no damage.
Natasha completely misses you.
The cerulean imp hits you from afar with a +2 spear.
Natasha claws you.
You shoot a sling bullet. The sling bullet barely misses Natasha.
The cerulean imp closely misses you. Natasha claws you but does no damage.
The cerulean imp hits you from afar with a +2 spear.
You shoot a sling bullet. The sling bullet hits Natasha.
Natasha is almost dead.
Natasha barely misses you.
The cerulean imp hits you but does no damage.
Natasha claws you but does no damage.
The cerulean imp hits you but does no damage.
Natasha closely misses you.
You shoot a sling bullet. The sling bullet barely misses Natasha.
The cerulean imp hits you from afar with a +2 spear.
Natasha claws you but does no damage. The cerulean imp closely misses you.
You shoot a sling bullet.
The sling bullet closely misses Natasha.
Natasha closely misses you.
The cerulean imp hits you but does no damage.
Natasha claws you but does no damage.
The cerulean imp hits you from afar with a +2 spear.
You die...

##.#.... ...... #..#.#.# ........
##.#..#.# ........ ##..#..#..
.......# #..##..#.. .h....##
#.###..... #####
###..#..#######......... ####....
.....#.##......##<..... .......#
#..#@........#......#
....>..######..h...####.....###.#
............#..5............##..#
............................#...#
.................................
.............................##.#
.....%.............)....)...##...
.....................#..........#
.......^.......>.....#.#......#.#


You could see Natasha and a cerulean imp (summoned).

Vanquished Creatures
  Natasha (twice) (D:2)
  A worm (D:2)
  A dart slug (D:1)
  2 bats
  3 endoplasms
  A goblin (D:1)
  4 kobolds
  A quokka (D:1)
  4 ball pythons
  3 frilled lizards (D:2)
  3 rats
25 creatures vanquished.

Notes
Turn   | Place    | Note
-------+----------+-------------------------------------------
     0 | D:1      | qw the Gargoyle Hexslinger began the quest for the Orb.
     0 | D:1      | Reached XP level 1. HP: 12/12 MP: 2/2
     0 | D:1      | 0 ||| qw: Version: 0.3-a-52-g30416fa
     0 | D:1      | 0 ||| qw: Game counter: 5482
     0 | D:1      | 0 ||| qw: Melee chars always use a shield: true
     0 | D:1      | 0 ||| qw: God list: Okawaru
     0 | D:1      | 0 ||| qw: Allow faded altars: false
     0 | D:1      | 0 ||| qw: Do Orc after clearing Dungeon:15 true
     0 | D:1      | 0 ||| qw: Do second Lair branch before Depths: true
     0 | D:1      | 0 ||| qw: Lair rune preference: random
     0 | D:1      | 0 ||| qw: Goals: Normal
     0 | D:1      | 0 ||| PLANNING D:1-11
   183 | D:1      | Reached XP level 2. HP: 16/16 MP: 3/3
   548 | D:1      | Reached skill level 3 in Ranged Weapons
   679 | D:1      | 679 ||| UPGRADING to +0 leather armour.
   689 | D:1      | 689 ||| DROPPING +0 robe.
   690 | D:1      | 690 ||| UPGRADING to +0 ring mail.
   700 | D:1      | 700 ||| DROPPING +0 leather armour.
   701 | D:1      | 701 ||| READING scroll labelled MYPTOE IGYAG.
   706 | D:1      | 706 ||| READING scroll labelled BOTYLU REIMM.
   707 | D:1      | 707 ||| READING scroll labelled YREDGH CUABOA.
   708 | D:1      | 708 ||| READING scroll labelled AMYARO MECOADO.
   709 | D:1      | 709 ||| DROPPING scroll of poison.
   749 | D:2      | Noticed Natasha
   758 | D:2      | HP: 2/16 [Natasha (6)]
   761 | D:2      | Killed Natasha
   762 | D:2      | Reached XP level 3. HP: 5/22 MP: 4/4
   872 | D:2      | Noticed Natasha
   880 | D:2      | Killed Natasha
   881 | D:2      | Reached XP level 4. HP: 12/27 MP: 5/5
  1191 | D:2      | Noticed Natasha
  1192 | D:2      | 1192 ||| Stepping ~*~*~tactically~*~*~ (outnumbered).
  1194 | D:2      | 1194 ||| Stepping ~*~*~tactically~*~*~ (outnumbered).
  1195 | D:2      | 1195 ||| Stepping ~*~*~tactically~*~*~ (outnumbered).
  1198 | D:2      | 1198 ||| Stepping ~*~*~tactically~*~*~ (outnumbered).
  1218 | D:2      | HP: 5/27 [cerulean imp/+2 spear[Natasha] (3)]
  1219 | D:2      | HP: 1/27 [cerulean imp/+2 spear[Natasha] (4)]
  1222 | D:2      | Slain by a cerulean imp

Levels and vault maps discovered:
D:1:      ncdulo_lavacross, layout_loops_ring, roderic_cross_of_infinity,
          minmay_misc_feat_hallway
D:2:      layout_rooms, uniq_natasha

Skill      XL: |  1  2 |
---------------+-------+-----
Ranged Weapons | 3 |  3.7
Fighting       | 2 |  2.7
Dodging        | |  1.5
Spellcasting   | |  1.0
Hexes          | |  2.6

Action                     |  1- 3 |  4- 6 || total
---------------------------+-------+-------++-------
   Fire: Sling             |    75 |    45 ||   120
    Use: Scroll            |     4 |       ||     4
 Armour: Robe              |     6 |       ||     6
         Ring mail         |     6 |    19 ||    25
  Dodge: Dodged            |    26 |    22 ||    48

Table legend:
 A = Non-vault XP
 B = Vault XP
 C = Vault XP percentage of total XP
 D = Non-vault monster count
 E = Vault monster count
 F = Vault count percentage of total count
                 A         B        C        D         E       F
            +---------+---------+-------+---------+---------+-------
      Total |      76 |      35 |  31.5 |      24 |       1 |   4.0
            +---------+---------+-------+---------+---------+-------
        D:1 |      19 |       0 |   0.0 |      10 |       0 |   0.0
        D:2 |      57 |      35 |  38.0 |      14 |       1 |   6.7
            +---------+---------+-------+---------+---------+-------
